 Dungeon Crawl Stone Soup version 0.27-a0-385-g3208abaabc (webtiles) character file.

Game seed: 6061333879662642848

23450 jasper the Spear-Bearer (level 13, -13/76 HPs)
             Began as a Tengu Fighter on Feb 19, 2021.
             Was a High Priest of Cheibriados.
             Mangled by an orc warrior
             ... wielding a +0 glaive
              (20 damage)
             ... on level 2 of the Orcish Mines.
             The game lasted 00:24:54 (11681 turns).

jasper the Spear-Bearer (Tengu Fighter)            Turns: 11681, Time: 00:24:55

Health: -13/76     AC: 17    Str: 32    XL:     13   Next: 6%
Magic:  12/19      EV:  5    Int: 25    God:    Cheibriados [*****.]
Gold:   245        SH: 24    Dex: 27    Spells: 4/18 levels left

rFire    + . .     SeeInvis .   y - +1 trident (venom)
rCold    + . .     Faith    .   A - +0 tower shield
rNeg     . . .     Spirit   .   C - +0 plate armour
rPois    .         Reflect  +   (helmet restricted)
rElec    .         Harm     .   (no cloak)
rCorr    .         Rampage  .   w - +2 pair of gloves {archery}
Will     .....                  (boots unavailable)
Stlth    ..........             J - amulet of reflection
HPRegen  1.22/turn              K - ring of protection from cold
MPRegen  0.16/turn              t - ring of protection from fire

@: flying quickly and evasively, very slow
A: beak, talons 3, deterioration 1, regeneration 1, weak 1, MP-powered wands,
able to fly
a: Stop Flying, Renounce Religion, Bend Time, Temporal Distortion, Slouch, Step
From Time


You were on level 2 of the Orcish Mines.
You worshipped Cheibriados.
Cheibriados was extremely pleased with you.
You visited 3 branches of the dungeon, and saw 16 of its levels.

You collected 1626 gold pieces.
You spent 1381 gold pieces at shops.

Inventory:

Hand Weapons
 a - a +0 trident
 y - a +1 trident of venom (weapon)
 L - the +7 Singing Sword {vorpal, sonic wave}
   (You found it on level 9 of the Dungeon)

   It inflicts extra damage upon your enemies.
Missiles
 d - 2 javelins
 h - 6 silver boomerangs (quivered)
 n - 25 boomerangs
 x - 7 boomerangs of dispersal
 Q - 7 silver javelins
Armour
 b - a +0 scale mail
 c - a +0 kite shield
 o - a +0 pair of gloves
 w - a +2 pair of gloves of archery (worn)
 A - a +0 tower shield (worn)
 C - a +0 plate armour (worn)
Jewellery
 i - an amulet of magic regeneration
 q - a +6 ring of intelligence
 t - a ring of protection from fire (right hand)
 u - a ring of see invisible
 z - a ring of wizardry
 J - an amulet of reflection (around neck)
 K - a ring of protection from cold (left hand)
 P - a +6 ring of dexterity {unknown}
 S - a +6 ring of strength {unknown}
Wands
 k - a wand of flame (71)
 B - a wand of digging (7)
 H - a wand of polymorph (12)
 N - a wand of acid (7)
Scrolls
 e - 5 scrolls of immolation
 f - 4 scrolls of identify
 j - 2 scrolls of random uselessness
 l - a scroll of enchant armour
 m - 3 scrolls of enchant weapon
 p - 3 scrolls of amnesia
 v - 2 scrolls of teleportation
 D - 6 scrolls of magic mapping
 F - a scroll of fog
 I - a scroll of holy word
 R - a scroll of blinking {unknown}
 U - 4 scrolls of noise {unknown}
 V - a scroll of acquirement {unknown}
Potions
 g - 4 potions of cancellation
 r - 4 potions of degeneration
 s - 5 potions of brilliance
 E - 3 potions of lignification
 G - a potion of magic
 M - 2 potions of curing
 T - a potion of ambrosia


   Skills:
 + Level 7.5 Fighting
 - Level 14.0 Polearms
 + Level 8.2 Armour
 + Level 7.4 Shields
 - Level 3.2 Spellcasting
 - Level 5.1 Conjurations
 - Level 2.4 Summonings
 * Level 4.3 Transmutations
 - Level 4.7 Air Magic
 - Level 3.7 Poison Magic
 - Level 7.1 Invocations


You had 4 spell levels left.
You knew the following spells:

 Your Spells              Type           Power        Failure   Level
a - Wereblood             Tmut           26%          86%         2
b - Mephitic Cloud        Conj/Pois/Air  26%          97%         3
c - Summon Lightning Spi  Summ/Air       21%          100%        4
d - Summon Forest         Summ/Tloc      5%           100%        5

Your spell library contained the following spells:

 Spells                   Type           Power        Failure   Level
 Beastly Appendage        Tmut           52%          75%         1
 Sting                    Tmut/Pois      96%          78%         1
 Poisonous Vapours        Pois/Air       50%          88%         2
 Summon Small Mammal      Summ           64%          95%         1
 Call Imp                 Summ           16%          98%         2
 Spider Form              Tmut/Pois      12%          98%         3
 Call Canine Familiar     Summ           16%          100%        3
 Confusing Touch          Hex            4%           100%        3
 Gell's Gravitas          Tloc           2%           100%        3
 Ignite Poison            Fire/Tmut/Pois 17%          100%        3
 Summon Guardian Golem    Hex/Summ       10%          100%        3
 Ice Form                 Ice/Tmut       15%          100%        4
 Olgreb's Toxic Radiance  Pois           22%          100%        4
 Petrify                  Tmut/Erth      15%          100%        4
 Summon Ice Beast         Ice/Summ       10%          100%        4
 Blade Hands              Tmut           13%          100%        5
 Metabolic Englaciation   Hex/Ice        2%           100%        5
 Summon Mana Viper        Hex/Summ       10%          100%        5
 Yara's Violent Unravell  Hex/Tmut       7%           100%        5
 Shadow Creatures         Summ           N/A          100%        6
 Summon Hydra             Summ           8%           100%        7


Dungeon Overview and Level Annotations

Branches:
Dungeon (13/15)            Temple (1/1) D:6            Lair (0/6) D:8
    Orc (2/2) D:12
    Elf: Orc:2       Vaults: D:13-14

Altars:
Ashenzari
Cheibriados
Dithmenos
Elyvilon
Fedhas
Gozag
Hepliaklqana
Kikubaaqudgha
Makhleb
Nemelex Xobeh
Okawaru
Qazlal
Ru
Sif Muna
Trog
Uskayaw
Vehumet
Wu Jian
Xom
Yredelemnul
Zin
The Shining One
Beogh
Lugonu

Shops:
D:7 [   Orc:1 :   Orc:2 ([(?

Annotations:
D:13 Frances


Innate Abilities, Weirdness & Mutations

You have a beak for a mouth.
You have claws for feet.
You can fly continuously.
Your body sometimes deteriorates upon taking damage.
Your natural rate of healing is unusually fast.
You are weak. (Str -2)
You expend magic power (3 MP) to strengthen your wands.


Message History

The orc warrior barely misses you. You block the orc warrior's attack.
You miss the orc knight. Your kick misses the orc knight.
The orc knight is heavily wounded.
You block the orc warrior's attack. x2
An orc warrior comes into view. It is wielding a +0 great mace.
The orc warrior completely misses you.
The orc warrior shouts!
You hear a shout! x2
The orc knight roars a battlecry!
The orc warrior goes into a battle-frenzy!
You block the orc warrior's attack. x3
An orc warrior comes into view. It is wielding a +0 battleaxe.
The orc knight hits you with a +0 broad axe!!
The orc warrior hits you but does no damage.
You take 25 damage, and have 51/76 hp.
MASSIVE DAMAGE!!
You block the orc warrior's attack. x2
The orc knight hits you with a +0 broad axe!
The orc warrior barely misses you.
The orc warrior hits you with a +2 vorpal long sword!
The orc warrior hits you from afar with a +0 glaive!
* * * LOW HITPOINT WARNING * * *
You take 44 damage, and have 7/76 hp.
MASSIVE DAMAGE!!
You feel much better. You block the orc knight's attack.
You block the orc warrior's attack. x2
You regained 26 hp, and now have 33/76 hp.
You can feel time thicken for a moment.
You kill the orc warrior!
Cheibriados thoroughly appreciates the change of pace.
Cheibriados raises the support of your attributes as your movement slows.
Cheibriados lowers the support of your attributes as your movement quickens.
You block the orc warrior's attack.
The orc warrior hits you from afar with a +0 halberd!
* * * LOW HITPOINT WARNING * * *
The orc knight hits you with a +0 broad axe!
* * * LOW HITPOINT WARNING * * *
You feel your strength returning.
You take 27 damage, and have 6/76 hp.
MASSIVE DAMAGE!!
You now have 12/19 mp.
Unknown command.
You fail to use your ability.
The orc warrior hits you from afar with a +0 glaive!!
You die...

..#...................
..........)...........
.......##..##..##...#
......##..........≈≈#
<.....#..........≈≈≈#
#..............≈≈≈≈#
..(...#......≈≈≈≈### ##
.....(#.....≈≈≈≈####...##
....).....^.....@.ooo∩...
#)..).[.........o)oo.∩..o
[#.)..#.....≈≈≈≈####...##
.[.)..#......≈≈≈≈ ∩##
.)...))........≈≈≈ #
[.)...#..........≈
......##..........
.......##..##..#
...............


You could see an orc knight (corroded) and 5 orc warriors.

Vanquished Creatures
  An ettin (D:12)
  Snorg (Orc:2)
  5 two-headed ogres
  Urug (D:10)
  An orc high priest (Orc:1)
  2 unseen horrors
  2 orc knights
  An ugly thing (D:12)
  2 centaur zombies (D:10)
  A gargoyle (D:12)
  Maggie (D:7)
  2 kobold demonologists
  7 trolls
  A hornet (D:12)
  2 slime creatures (D:12)
  5 yaks (D:10)
  A wraith (D:10)
  2 steam dragons (D:7)
  3 wargs
  An acid dragon (D:12)
  A soldier ant (D:12)
  A water moccasin (D:7)
  A hornet zombie (D:9)
  32 orc warriors
  6 sky beasts
  2 ice beasts
  6 ogres
  9 centaurs
  2 phantoms
  2 kobold brigands
  14 bullfrogs
  3 gnoll sergeants
  5 scorpions
  2 wyvern skeletons
  5 killer bees (D:12)
  5 wights (D:11)
  2 howler monkeys
  4 bullfrog zombies
  A bullfrog skeleton (D:5)
  5 hounds
  3 jellies
  17 orc priests
  2 centaur skeletons
  A gnoll shaman (D:7)
  An iguana (D:5)
  Terence (D:2)
  11 worker ants
  Natasha (thrice) (D:2)
  28 orc wizards
  A hound skeleton (D:6)
  8 gnolls
  24 adders
  A shadow imp (D:6)
  2 ufetubi
  An ooze (D:1)
  An adder zombie (D:7)
  3 adder skeletons
  3 worms
  4 dart slugs
  6 leopard geckos
  93 orcs
  11 bats
  6 giant cockroaches
  11 goblins
  8 hobgoblins
  13 jackals
  3 quokkas
  A ball python (D:3)
  6 frilled lizards
  11 kobolds
  A leopard gecko zombie (D:6)
  10 rats
445 creatures vanquished.

Vanquished Creatures (others)
  A sky beast (D:7)
  A gnoll (D:7)
  A kobold (D:11)
  3 fungi (D:9)
  8 plants (D:12)
14 creatures vanquished.

Grand Total: 459 creatures vanquished

Notes
Turn   | Place    | Note
-------+----------+-------------------------------------------
     0 | D:1      | jasper the Tengu Fighter began the quest for the Orb.
     0 | D:1      | Reached XP level 1. HP: 14/14 MP: 2/2
    54 | D:1      | Reached skill level 3 in Polearms
    54 | D:1      | Reached XP level 2. HP: 19/19 MP: 3/3
   212 | D:1      | Reached XP level 3. HP: 23/23 MP: 4/4
   268 | D:1      | Reached skill level 4 in Polearms
   856 | D:2      | Noticed Natasha
   861 | D:2      | Killed Natasha
   862 | D:2      | Reached XP level 4. HP: 28/28 MP: 5/5
   863 | D:2      | Noticed Terence
   869 | D:2      | Killed Terence
   870 | D:2      | Reached skill level 5 in Polearms
   979 | D:2      | Noticed Natasha
   987 | D:2      | Killed Natasha
   988 | D:2      | Gained mutation: You can fly continuously. [Tengu growth]
   988 | D:2      | Reached XP level 5. HP: 11/32 MP: 6/6
  1348 | D:2      | Noticed Natasha
  1367 | D:2      | Killed Natasha
  1368 | D:2      | Reached skill level 6 in Polearms
  2099 | D:3      | Reached XP level 6. HP: 27/37 MP: 7/7
  2341 | D:3      | Reached skill level 7 in Polearms
  2814 | D:4      | Noticed an orc warrior
  2829 | D:4      | Gained mutation: Your body sometimes deteriorates upon
                  | taking damage. [potion of mutation]
  2829 | D:4      | Gained mutation: Your natural rate of healing is unusually
                  | fast. [potion of mutation]
  2829 | D:4      | Gained mutation: You are weak. (Str -2) [potion of
                  | mutation]
  2829 | D:4      | Gained mutation: You expend magic power (3 MP) to
                  | strengthen your wands. [potion of mutation]
  2972 | D:4      | Reached skill level 8 in Polearms
  2972 | D:4      | Reached XP level 7. HP: 41/41 MP: 8/8
  3179 | D:5      | Entered Level 5 of the Dungeon
  3269 | D:5      | Found a glowing golden altar of the Shining One.
  3564 | D:5      | Reached skill level 9 in Polearms
  4226 | D:6      | Found a staircase to the Ecumenical Temple.
  4241 | D:6      | Reached XP level 8. HP: 46/46 MP: 9/9
  4246 | Temple   | Entered the Ecumenical Temple
  4299 | Temple   | Became a worshipper of Cheibriados the Contemplative
  4348 | D:6      | Reached skill level 10 in Polearms
  4348 | D:6      | Found a hide-covered altar of Uskayaw.
  4350 | D:6      | Found a hazy altar of Hepliaklqana.
  4632 | D:6      | Found a shadowy altar of Dithmenos.
  4632 | D:6      | Found a faded altar of an unknown god.
  4639 | D:6      | Found a faded altar of an unknown god.
  4658 | D:6      | Reached skill level 11 in Polearms
  4671 | D:6      | Found an iron altar of Okawaru.
  4673 | D:6      | Found a white marble altar of Elyvilon.
  4825 | D:6      | Reached * piety under Cheibriados
  4846 | D:6      | Found a glowing drain.
  5015 | D:6      | Found an opulent altar of Gozag.
  5017 | D:6      | Found a broken altar of Ashenzari.
  5020 | D:6      | Found a burning altar of Makhleb.
  5020 | D:6      | Found a bloodstained altar of Trog.
  5020 | D:6      | Found an ancient bone altar of Kikubaaqudgha.
  5109 | D:7      | Reached skill level 12 in Polearms
  5154 | D:7      | Found a glowing silver altar of Zin.
  5171 | D:7      | Reached XP level 9. HP: 50/50 MP: 10/10
  5197 | D:7      | Noticed a kobold demonologist
  5203 | D:7      | Killed a kobold demonologist
  5235 | D:7      | Noticed Maggie
  5247 | D:7      | Killed Maggie
  5248 | D:7      | Reached skill level 13 in Polearms
  5292 | D:7      | Reached ** piety under Cheibriados
  5426 | D:7      | Reached skill level 14 in Polearms
  5664 | D:7      | Reached skill level 1 in Invocations
  5686 | D:7      | Reached XP level 10. HP: 35/56 MP: 10/12
  5741 | D:7      | Found Lekhid's Antique Armour Emporium.
  5750 | D:7      | Bought a pair of glowing gloves for 180 gold pieces
  5796 | D:7      | Found a sparkling altar of Nemelex Xobeh.
  6297 | D:8      | You are sucked into a shaft and drop 2 floors!
  6297 | D:10     | Entered Level 10 of the Dungeon
  6322 | D:10     | Reached *** piety under Cheibriados
  6569 | D:8      | Found a staircase to the Lair.
  6569 | D:8      | Noticed a death yak
  6570 | D:8      | Noticed a death yak
  6570 | D:8      | Noticed a death yak
  6570 | D:8      | Noticed a death yak
  6571 | D:8      | Noticed a death yak
  6582 | D:8      | Noticed a death yak
  7207 | D:8      | Reached **** piety under Cheibriados
  7223 | D:8      | Noticed a two-headed ogre
  7493 | D:9      | Reached skill level 5 in Armour
  7935 | D:9      | Reached ***** piety under Cheibriados
  7953 | D:9      | Found the +7 Singing Sword {vorpal, sonic wave}
  8145 | D:10     | Reached skill level 5 in Fighting
  8145 | D:10     | Reached skill level 5 in Shields
  8145 | D:10     | Reached skill level 5 in Invocations
  8385 | D:10     | Reached XP level 11. HP: 43/64 MP: 15/15
  8399 | D:10     | Learned a level 2 spell: Wereblood
  8611 | D:10     | Noticed a two-headed ogre
  8619 | D:10     | Killed a two-headed ogre
  8843 | D:11     | Noticed Urug
  8855 | D:10     | Killed Urug
  9160 | D:11     | Learned a level 3 spell: Mephitic Cloud
  9181 | D:11     | Noticed a two-headed ogre
  9185 | D:11     | Killed a two-headed ogre
  9409 | D:11     | Killed an unseen horror
  9631 | D:12     | Reached skill level 1 in Conjurations
  9656 | D:12     | Noticed a red ugly thing
  9665 | D:12     | Killed a red ugly thing
  9666 | D:12     | Reached skill level 1 in Air Magic
  9678 | D:12     | Found a staircase to the Orcish Mines.
  9688 | D:12     | Found a roughly hewn altar of Beogh.
  9711 | D:12     | Reached skill level 1 in Spellcasting
  9711 | D:12     | Reached skill level 1 in Poison Magic
  9938 | D:12     | Noticed a two-headed ogre
  9945 | D:12     | Killed a two-headed ogre
  9946 | D:12     | Reached skill level 1 in Transmutations
 10101 | D:12     | Reached XP level 12. HP: 61/71 MP: 18/18
 10170 | D:12     | Reached ****** piety under Cheibriados
 10415 | D:12     | Noticed a two-headed ogre
 10421 | D:12     | Killed a two-headed ogre
 10438 | D:12     | Learned a level 4 spell: Summon Lightning Spire
 10634 | D:13     | Noticed Frances
 10634 | D:13     | Noticed a boulder beetle
 10665 | Orc:1    | Entered Level 1 of the Orcish Mines
 10665 | Orc:1    | Noticed an ettin
 10674 | D:12     | Killed an ettin
 10675 | D:12     | Reached skill level 1 in Summonings
 10899 | Orc:1    | Noticed an orc high priest
 10917 | Orc:1    | Killed an orc high priest
 10918 | Orc:1    | Reached skill level 5 in Conjurations
 11145 | Orc:1    | Found a roughly hewn altar of Beogh.
 11193 | Orc:1    | Found Xemo's Book Shop.
 11198 | Orc:1    | Bought a book of Summonings for 980 gold pieces
 11204 | Orc:1    | Learned a level 5 spell: Summon Forest
 11317 | Orc:2    | Entered Level 2 of the Orcish Mines
 11392 | Orc:2    | Noticed Snorg
 11401 | Orc:2    | Killed Snorg
 11401 | Orc:2    | Noticed a two-headed ogre
 11444 | Orc:1    | Killed a two-headed ogre
 11478 | Orc:2    | Reached XP level 13. HP: 65/76 MP: 19/19
 11620 | Orc:2    | Found Pexo Pyutt's Antique Weapon Emporium.
 11628 | Orc:2    | Found a roughly hewn altar of Beogh.
 11641 | Orc:2    | Bought a runed trident for 221 gold pieces
 11667 | Orc:2    | Found Xupihit's Magic Scroll Shop.
 11668 | Orc:2    | Found Weschusk's Armour Shoppe.
 11668 | Orc:2    | Found Humoq Dinu's Weapon Boutique.
 11681 | Orc:2    | Mangled by an orc warrior

Illustrated notes

Levels and vault maps discovered:
D:1:      dpeg_arrival_another_circle, layout_rooms
D:2:      layout_rooms, uniq_terence, uniq_natasha
D:3:      layout_basic
D:4:      layout_loops_corners
D:5:      layout_basic, lemuel_doored_altar, abandoned_shop
D:6:      layout_rooms, grunt_temple_overflow_open,
          chequers_temple_overflow_minitemple, minmay_temple_entry_large_hall,
          cheibrodos_sewer_entry_drain
D:7:      minmay_opposing_rooms, layout_gridville, kennysheep_mini,
          nicolae_overflow_crystal_walls, serial_shops, nicolae_shop_waterfront,
          hangedman_misty_isle, uniq_maggie
D:8:      layout_basic, dpeg_lair_monsters, hangedman_abyss_or_decor_passed,
          minmay_guarded_unrand_staff_of_olgreb, uniq_joseph
D:9:      old_forge, layout_cave_pools
D:10:     layout_basic
D:11:     layout_rooms, uniq_urug
D:12:     nzn_winding_woodlands_medium [nzn_winding_woodlands_5x5_closed_star,
          nzn_winding_woodlands_5x15_default, nzn_winding_woodlands_5x5_default,
          nzn_winding_woodlands_5x5_cross, nzn_winding_woodlands_center_garden,
          nzn_winding_woodlands_5x5_three,
          nzn_winding_woodlands_5x5_checkerboard,
          nzn_winding_woodlands_5x15_cabin,
          nzn_winding_woodlands_5x5_open_star], layout_basic,
          minmay_orc_entry_temple_small, blue_anna_alchemist
          [blue_anna_fruit_fields, blue_anna_fruit_fields]
D:13:     layout_cave_pods, skrybe_vaults_entry_preservation, serial_shops,
          nicolae_shop_statue_plus, uniq_frances
Temple:   corrupted_temple
Orc:1:    layout_diamond_mine, serial_shops, shop, kennysheep_orc_chapel
Orc:2:    st_orc_rangers, layout_caves, basic_altar, serial_shops, shop,
          uniq_snorg

Skill      XL: |  1  2  3  4  5  6  7  8  9 10 11 12 |
---------------+-------------------------------------+-----
Polearms       | 3 4 5 6 8 9 12 14 | 14.0
Invocations    | 1 5 7 |  7.1
Armour         | 5 7 8 |  8.2
Shields        | 5 6 7 |  7.4
Fighting       | 5 6 7 |  7.5
Conjurations   | 2 5 |  5.1
Air Magic      | 2 4 |  4.7
Spellcasting   | 1 3 |  3.2
Poison Magic   | 1 3 |  3.7
Transmutations | 1 4 |  4.3
Summonings     | 2 |  2.4

Action                   |  1- 3 |  4- 6 |  7- 9 | 10-12 | 13-15 || total
-------------------------+-------+-------+-------+-------+-------++-------
Melee: Trident           |    89 |   151 |   393 |   769 |    22 ||  1424
       Kick              |    15 |    29 |    82 |   354 |     3 ||   483
       Peck              |     8 |    13 |    45 |   207 |     1 ||   274
Throw: Boomerang         |       |     4 |     2 |     7 |       ||    13
Invok: Slouch            |       |       |       |     5 |     1 ||     6
 Abil: Fly               |       |     1 |       |       |       ||     1
Evoke: Wand              |       |     2 |     9 |    14 |     1 ||    26
  Use: Potion            |       |     6 |     3 |     2 |     1 ||    12
       Scroll            |       |       |     7 |     8 |       ||    15
 Stab: Held in net/web   |       |       |       |     3 |       ||     3
Armor: Scale mail        |    31 |    41 |   128 |       |       ||   200
       Plate armour      |       |       |     6 |   231 |     5 ||   242
       Skin              |       |       |     6 |       |       ||     6
Dodge: Dodged            |     9 |    36 |    85 |    65 |     5 ||   200
Block: Kite shield       |    29 |    58 |    72 |       |       ||   159
       Tower shield      |       |       |   108 |   712 |    57 ||   877
       Reflection        |       |       |       |    38 |    21 ||    59

Table legend: (Time is in decaauts)
 A = Elapsed time spent in this place.
 B = Non-inter-level travel time spent in this place.
 C = Inter-level travel time spent in this place.
 D = Time resting spent in this place.
 E = Time spent auto-exploring this place.
 F = Levels seen in this place.
 G = Mean time per level.
                   A        B        C        D        E       F      G
               +--------+--------+--------+--------+--------+-----+--------+
         Total |  14640 |  13626 |   1014 |    935 |   9488 |  16 |  915.0 |
       Dungeon |  13171 |  12215 |    956 |    636 |   8723 |  13 | 1013.2 |
        Temple |    257 |    237 |     20 |    151 |     29 |   1 |  257.0 |
  Orcish Mines |   1212 |   1174 |     38 |    148 |    735 |   2 |  606.0 |
               +--------+--------+--------+--------+--------+-----+--------+

Top non-repeatable levels by time:
    D:12: 2022 daAuts
     D:7: 1746 daAuts
    D:10: 1617 daAuts
     D:2: 1184 daAuts
     D:5: 1112 daAuts
     D:9: 1066 daAuts
     D:4: 977 daAuts
   Orc:1: 907 daAuts
    D:11: 862 daAuts
     D:1: 760 daAuts
     D:3: 690 daAuts
     D:6: 689 daAuts
     D:8: 439 daAuts
   Orc:2: 304 daAuts
  Temple: 257 daAuts
